 Dungeon Crawl Stone Soup version 0.27-a0-1434-g6f15984924 (webtiles) character file.

Game seed: 10463092716698225050

144 Sin92 the Skirmisher (level 5, -1/42 HPs)
             Began as a Demonspawn Fighter on July 3, 2021.
             Slain by Crazy Yiuf (11 damage)
             ... on level 2 of the Dungeon.
             The game lasted 00:04:13 (2001 turns).

Sin92 the Skirmisher (Demonspawn Fighter)           Turns: 2001, Time: 00:04:13

Health: -1/42      AC: 12    Str: 17    XL:     5   Next: 5%
Magic:  5/5        EV:  7    Int:  9    God:
Gold:   54         SH:  9    Dex: 13    Spells: 4/4 levels left

rFire    . . .     SeeInvis .   a - +0 war axe (freeze)
rCold    . . .     Faith    .   c - +0 kite shield
rNeg     . . .     Spirit   .   b - +0 scale mail
rPois    .         Reflect  .   (no helmet)
rElec    .         Harm     .   (no cloak)
rCorr    .         Rampage  .   (no gloves)
Will     .....                  (no boots)
Stlth    ..........             (no amulet)
HPRegen  0.14/turn              (no ring)
MPRegen  0.09/turn              (no ring)

@: brilliant, lethally poisoned (-1 -> -2), sanguine armoured, very slightly
contaminated, invisible
A: claws 1, sanguine armour 1
a: no special abilities


You were on level 2 of the Dungeon.
You visited 1 branch of the dungeon, and saw 2 of its levels.

You collected 54 gold pieces.

Inventory:

Hand Weapons
 a - a +0 war axe of freezing (weapon)
Armour
 b - a +0 scale mail (worn)
 c - a +0 kite shield (worn)
Jewellery
 g - a ring of fire
Scrolls
 e - a scroll of noise
 f - 2 scrolls of identify {unknown}
 i - a scroll of holy word {unknown}
Potions
 d - a potion of might


   Skills:
 + Level 3.7 Fighting
 + Level 2.5 Axes
 + Level 3.3 Armour
 + Level 1.6 Dodging
 + Level 3.3 Shields


You had 4 spell levels left.
You didn't know any spells.
Your spell library contained the following spells:

 Spells                   Type           Power      Damage    Failure   Level
 Slow                     Hex            0%         N/A       100%        2
 Sublimation of Blood     Necr           0%         N/A       100%        2
 Wereblood                Tmut           0%         N/A       100%        2
 Confusing Touch          Hex            0%         N/A       100%        3
 Yara's Violent Unravell  Hex/Tmut       0%         3d3       100%        5
 Summon Hydra             Summ           0%         N/A       100%        7


Dungeon Overview and Level Annotations

Branches:
Dungeon (2/15)

Altars:
Dithmenos

Shops:
D:2 =

Annotations:
D:2 Crazy Yiuf


Innate Abilities, Weirdness & Mutations

You have sharp fingernails.
When seriously injured, your bleeding wounds create armour. (AC +6)


Message History

Crazy Yiuf says, "Crazy?
Crazy!?
PORCUPINE!"
Crazy Yiuf hits you but does no damage. Crazy Yiuf barely misses you.
You closely miss Crazy Yiuf.
Crazy Yiuf is lightly wounded.
Crazy Yiuf hits you with a +3 quarterstaff of chaos!
You hit Crazy Yiuf. You freeze Crazy Yiuf.
Crazy Yiuf is moderately wounded.
Crazy Yiuf hits you but does no damage.
You are poisoned.
You block Crazy Yiuf's attack.
You closely miss Crazy Yiuf.
Crazy Yiuf is moderately wounded.
Your blood congeals into armour.
You feel very sick. Crazy Yiuf hits you but does no damage.
You closely miss Crazy Yiuf.
Crazy Yiuf is moderately wounded.
You feel very sick.
Crazy Yiuf hits you with a +3 quarterstaff of chaos.
You convulse.
Crazy Yiuf laughs, "Two!
Pitchfork fast spinner."
Crazy Yiuf hits you but does no damage.
It was a potion of brilliance.
You feel clever all of a sudden.
You feel sick.
Crazy Yiuf hits you with a +3 quarterstaff of chaos.
You fade into invisibility!
You are very lightly contaminated with residual magic.
Your shield prevents you from hitting Crazy Yiuf.
Crazy Yiuf is moderately wounded.
You feel sick.
Crazy Yiuf yells, "Gnoll disdain agre!"
You block Crazy Yiuf's attack.
Crazy Yiuf screams, "Pitchfork down noodlescoop!"
Crazy Yiuf barely misses you.
You closely miss Crazy Yiuf.
Crazy Yiuf is moderately wounded.
You feel sick.
Crazy Yiuf hits you with a +3 quarterstaff of chaos!
You die...

...#...###.####....#
...........# ##..##
...........# #....#
...........# ##...#
...........# ##.##
...........# ##.#
........>..# #.##
...........# ##.#
...........# #@##
############ #g# ...
#...# #)..# #####


You could see Crazy Yiuf.

Vanquished Creatures
  Natasha (thrice) (D:2)
  An adder (D:2)
  2 dart slugs (D:1)
  8 ball pythons
  5 endoplasms
  A giant cockroach (D:1)
  3 goblins
  3 hobgoblins (D:2)
  6 jackals (D:1)
  2 quokkas
  7 bats
  2 frilled lizards
  10 kobolds
  4 rats (D:1)
57 creatures vanquished.

Notes
Turn   | Place    | Note
-------+----------+-------------------------------------------
     0 | D:1      | Sin92 the Demonspawn Fighter began the quest for the Orb.
     0 | D:1      | Reached XP level 1. HP: 18/18 MP: 1/1
    93 | D:1      | Gained mutation: You have sharp fingernails. [demonic
                  | ancestry]
    93 | D:1      | Reached XP level 2. HP: 20/24 MP: 2/2
   639 | D:1      | Gained mutation: When seriously injured, your bleeding
                  | wounds create armour. (AC +6) [demonic ancestry]
   639 | D:1      | Reached XP level 3. HP: 14/29 MP: 3/3
   849 | D:1      | Reached skill level 1 in Dodging
   981 | D:1      | Found a faded altar of an unknown god.
  1158 | D:2      | Found Aladezop's Jewellery Shoppe.
  1233 | D:2      | Noticed Natasha
  1241 | D:2      | Killed Natasha
  1242 | D:2      | Reached XP level 4. HP: 10/35 MP: 4/4
  1545 | D:2      | Noticed Natasha
  1553 | D:2      | Killed Natasha
  1663 | D:2      | Noticed Natasha
  1676 | D:2      | Killed Natasha
  1677 | D:2      | Reached XP level 5. HP: 37/42 MP: 5/5
  1724 | D:2      | Found a shadowy altar of Dithmenos.
  1764 | D:2      | Found a runed translucent door.
  1765 | D:2      | Noticed Crazy Yiuf
  2001 | D:2      | Slain by Crazy Yiuf

Illustrated notes

Levels and vault maps discovered:
D:1:      saegor_arrival_simple_a, layout_rooms, basic_ecumenical_altar,
          amcnicky_mini_pool_small, chequers_serial_rivers_small_3,
          st_stairs_14, minmay_misc_feat_tiny
D:2:      layout_basic, basic_altar, serial_shops, nicolae_shop_window_shopping,
          uniq_crazy_yiuf_cottage, uniq_natasha

Skill      XL: |  1  2  3 |
---------------+----------+-----
Axes           | 2 |  2.5
Shields        | 3 |  3.3
Armour         | 3 |  3.3
Dodging        | 1 |  1.6
Fighting       | |  3.7

Action                   |  1- 3 |  4- 6 || total
-------------------------+-------+-------++-------
Melee: War axe           |    94 |    48 ||   142
  Use: Potion            |     3 |     1 ||     4
       Scroll            |     2 |       ||     2
Armor: Scale mail        |    46 |    23 ||    69
Dodge: Dodged            |    41 |    14 ||    55
Block: Kite shield       |    57 |    32 ||    89

Table legend: (Time is in decaauts)
 A = Elapsed time spent in this place.
 B = Non-inter-level travel time spent in this place.
 C = Inter-level travel time spent in this place.
 D = Time resting spent in this place.
 E = Time spent auto-exploring this place.
 F = Levels seen in this place.
 G = Mean time per level.
                   A        B        C        D        E       F      G
               +--------+--------+--------+--------+--------+-----+--------+
         Total |   2096 |   2087 |      9 |    374 |   1321 |   2 | 1048.0 |
       Dungeon |   2096 |   2087 |      9 |    374 |   1321 |   2 | 1048.0 |
               +--------+--------+--------+--------+--------+-----+--------+

Top non-repeatable levels by time:
     D:1: 1362 daAuts
     D:2: 734 daAuts
